 Dungeon Crawl Stone Soup version 0.31.0-9-g3a7656b989 (webtiles) character file.

Game seed: 15928978340754412148

6778 topfpfpflanze the Nimble (level 10, -2/57 HPs)
             Began as a Felid Fighter on Jan 30, 2024.
             Was an Initiate of Gozag.
             Slain by a yak (illusionary) (10 damage)
             ... on level 9 of the Dungeon.
             The game lasted 00:15:37 (11223 turns).

topfpfpflanze the Nimble (Felid Fighter)           Turns: 11223, Time: 00:15:38

Health: -2/57      AC:  2    Str: 14    XL:     10   Next: 76%
Magic:  0/11       EV: 25    Int: 12    God:    Gozag
Gold:   262        SH:  0    Dex: 18    Spells: 7/9 levels left
                                        Lives:  0   Deaths: 2

rFire   + .          .
                       - Unarmed
rCold   . . .        (shield unavailable)
rNeg    . . .        (body armour unavailable)
rPois   .            (helmet unavailable)
rElec   .            (cloak unavailable)
rCorr   .            (gloves unavailable)
SInv    +            (boots unavailable)
Will    +....        s - amulet of guardian spirit
Stlth   ++++         n - ring of protection from fire
HPRegen 0.29/turn    (no ring)
MPRegen 0.12/turn

%: guardian spirit
@: no status effects
A: very small, claws 1, fangs 3, see invisible, shaggy fur 2, stealthy paws, no
weapons or thrown items, no armour, multi-lived
a: Renounce Religion, Potion Petition, Call Merchant, Bribe Branch


You were on level 9 of the Dungeon.
You worshipped Gozag.
Gozag was aware of your devotion.
You visited 2 branches of the dungeon, and saw 11 of its levels.

You collected 474 gold pieces.
You spent 22 gold pieces at shops.
You paid 190 gold pieces to Gozag.

Inventory:

Jewellery
 g - an amulet of the acrobat
 n - a ring of protection from fire (left paw)
 s - an amulet of guardian spirit (around neck)
Talismans
 a - a blade talisman
 b - a serpent talisman
 o - a beast talisman
Wands
 t - a wand of flame (1) (quivered)
Scrolls
 c - a scroll of vulnerability
 d - a scroll of amnesia
 j - 2 scrolls of enchant weapon
 l - 2 scrolls of enchant armour
 r - a scroll of identify
 v - a scroll of revelation
 w - 2 scrolls of fog
 x - a scroll of immolation
Potions
 e - a potion of enlightenment
 i - 2 potions of attraction
 m - a potion of degeneration


   Skills:
 + Level 8.7 Fighting
 + Level 11.2 Dodging
 - Level 7.2 Stealth
 + Level 9.1 Unarmed Combat
 + Level 6.0 Shapeshifting


You had 7 spell levels left.
You knew the following spells:

 Your Spells              Type           Power      Damage    Failure   Level
a - Blink                 Tloc           0%         N/A       45%         2

Your spell library contained the following spells:

 Spells                   Type           Power      Damage    Failure   Level
 Magic Dart               Conj           0%         1d3       32%         1
 Call Imp                 Summ           0%         N/A       45%         2
 Lesser Beckoning         Tloc           0%         N/A       45%         2
 Momentum Strike          Conj/Tloc      0%         3d8       45%         2
 Static Discharge         Conj/Air       0%         3-3/arc   45%         2
 Sublimation of Blood     Necr           0%         N/A       45%         2
 Dazzling Flash           Conj/Hex       0%         N/A       69%         3
 Mephitic Cloud           Conj/Alch/Air  0%         N/A       69%         3
 Airstrike                Air            0%         2d(0-16)  97%         4
 Petrify                  Alch/Erth      0%         N/A       97%         4
 Summon Lightning Spire   Summ/Air       0%         N/A       97%         4
 Curse of Agony           Necr           0%         N/A       100%        5
 Irradiate                Conj/Alch      0%         3d11      100%        5
 Silence                  Hex/Air        0%         N/A       100%        5


Dungeon Overview and Level Annotations

Branches:
Dungeon (10/15)            Temple (1/1) D:4
   Lair: D:8-11         Orc: D:9-12

Altars:
Ashenzari
Cheibriados
Dithmenos
Elyvilon
Fedhas
Gozag
Hepliaklqana
Kikubaaqudgha
Makhleb
Nemelex Xobeh
Okawaru
Qazlal
Ru
Trog
Uskayaw
Vehumet
Wu Jian
Xom
Yredelemnul
Zin
The Shining One

Shops:
D:1 ?[=:   D:4 ?   D:10 (

Annotations:
D:3 exclusion: downstairs
D:4 exclusion: 3 downstairs, Dowan; Duvessa
D:5 Sigmund
D:6 2 transporters, exclusions: downstairs and upstairs, Skimidon's ghost, novice DsMo
D:7 4 runed translucent doors, Crazy Yiuf; Noisytoot's ghost, novice DsCj
D:8 exclusion: downstairs
D:10 exclusion: upstairs, Josephine; Psyche


Innate Abilities, Weirdness & Mutations

You have sharp claws.
You have razor-sharp teeth.
You have supernaturally acute eyesight. (SInv)
You are covered in thick fur. (AC +2)
Your paws help you pounce on unaware monsters.
You are incapable of wielding weapons or throwing items.
You cannot wear armour.
You gain extra lives every three experience levels.


Message History

Unknown command.
The orc completely misses you. The orc wizard misses you. The yak misses you.
The yak barely misses you.
Unknown command.
The orc completely misses you.
The orc wizard gestures at you while chanting.
The magic dart hits you. The yak gores you! The yak closely misses you.
Unknown command.
You feel less confused.
The rakshasa weaves an illusion.
The yak shimmers and seems to become two!
The orc hits you with a +0 dagger. The orc wizard closely misses you.
The yak closely misses you. The yak completely misses you.
The rakshasa weaves an illusion.
The orc wizard shimmers and seems to become two!
The orc barely misses you. The yak gores you!
* * * LOW HITPOINT WARNING * * *
The yak completely misses you. x2
Unknown command.
The rakshasa completely misses you. The yak completely misses you.
The yak misses you. The yak completely misses you.
Unknown command.
The rakshasa completely misses you. The orc misses you.
The orc wizard completely misses you. The yak completely misses you.
The yak closely misses you. The yak completely misses you.
Unknown command.
The rakshasa closely misses you. The orc misses you.
The orc wizard hits you with a +0 flail.
* * * LOW HITPOINT WARNING * * *
The yak misses you. The yak barely misses you. The yak closely misses you.
Unknown command.
The rakshasa barely misses you. The orc completely misses you.
The orc wizard points at you and mumbles some strange words.
The puff of flame misses you.
The puff of flame hits the yak!
The yak misses you. x2; The yak completely misses you.
Unknown command.
The rakshasa closely misses you. The orc completely misses you.
The orc wizard completely misses you. The yak misses you. The yak gores you!
You die...
Your body crumbles into a pile of gold.

...........§≈§§§.§§.§..#
.........#.§≈≈≈§≈§≈§≈..#
##.....####§§..§§......#
##......####.........#.##
#........#....#.#.......#
......##....###.........#
##....#..####...R#<.....#
##..#.........##o#.....##
§§[......##...##@oo....#
§§#.....####...YYY....##
§§......'..##......#####
#......)'..##..#.......#
#.....#.####...#.......#
#...#....##...##......##
#######....[..........#
##..#####......##
#..###......>.###


You could see a rakshasa, 3 yaks, 2 orc wizards and an orc.

Vanquished Creatures
  Harold (D:9)
  A two-headed ogre (D:8)
  Joseph (D:8)
  A komodo dragon (D:10)
  Grinder (D:5)
  A vampire (D:10)
  2 steam dragons
  2 yaks (D:10)
  3 water moccasins
  Edmund (D:6)
  2 orc warriors
  An ice beast (D:5)
  A black bear (D:6)
  3 ogres
  6 centaurs
  2 phantoms
  3 kobold brigands
  4 scorpions
  A gnoll sergeant (D:9)
  12 wights
  4 howler monkeys
  3 bombardier beetles
  2 jellies (D:6)
  3 orc priests
  3 hounds
  A gnoll bouda (D:9)
  2 sleepcaps
  7 orc wizards
  4 iguanas
  10 gnolls
  11 adders
  2 shadow imps
  3 white imps
  4 ufetubi (D:6)
  A dart slug (D:3)
  2 ribbon worms
  22 orcs
  8 ball pythons
  4 bats
  4 endoplasms
  2 giant cockroaches (D:2)
  6 goblins
  5 hobgoblins
  6 jackals
  8 quokkas
  4 frilled lizards (D:1)
  7 kobolds
  4 rats
191 creatures vanquished.

Vanquished Creatures (collateral kills)
  A wight (D:9)
  A hound (D:9)
  A gnoll (D:9)
  An orc (D:9)
  2 kobolds (D:9)
6 creatures vanquished.

Vanquished Creatures (others)
  An acid dragon (D:9)
  A gnoll bouda (D:9)
  A kobold (D:9)
3 creatures vanquished.

Grand Total: 200 creatures vanquished

Notes
Turn   | Place    | Note
-------+----------+-------------------------------------------
     0 | D:1      | topfpfpflanze the Felid Fighter began the quest for the
                  | Orb.
     0 | D:1      | Reached XP level 1. HP: 12/12 MP: 2/2
    34 | D:1      | Found Aloxaot's Magic Scroll Shop.
    73 | D:1      | Reached XP level 2. HP: 10/16 MP: 3/3
   124 | D:1      | Found Wuofavemp's Book Shoppe.
   228 | D:1      | Found Vusmosha's Jewellery Emporium.
   284 | D:1      | Found Kaishrit's Antique Armour Shop.
   363 | D:1      | Reached XP level 3. HP: 19/20 MP: 4/4
   717 | D:2      | You fall into a shaft and drop 1 floor!
  1068 | D:3      | Noticed a kobold brigand
  1368 | D:2      | Reached XP level 4. HP: 21/25 MP: 5/5
  1368 | D:2      | Gained a life (2 lives remaining)
  1435 | D:2      | Reached skill level 5 in Dodging
  1438 | D:2      | Learned a level 2 spell: Blink
  1810 | D:3      | Noticed a scorpion
  1818 | D:3      | Killed a scorpion
  1819 | D:3      | Reached XP level 5. HP: 22/29 MP: 6/6
  1855 | D:4      | Found Suet's Magic Scroll Shoppe.
  1858 | D:4      | Bought a scroll of identify for 22 gold pieces
  1863 | D:5      | Entered Level 5 of the Dungeon
  2089 | D:4      | Reached skill level 5 in Unarmed Combat
  2116 | D:5      | Noticed an ice beast
  2215 | D:4      | Found a staircase to the Ecumenical Temple.
  2220 | Temple   | Entered the Ecumenical Temple
  2684 | D:3      | Reached skill level 6 in Dodging
  2684 | D:3      | Gained mutation: You are covered in thick fur. (AC +2)
                  | [Felid growth]
  2684 | D:3      | Reached XP level 6. HP: 31/34 MP: 7/7
  2991 | D:3      | Noticed a water moccasin
  3002 | D:3      | Killed a water moccasin
  3003 | D:3      | Reached skill level 1 in Shapeshifting
  3497 | D:4      | Noticed Duvessa
  3497 | D:4      | Noticed Dowan
  3686 | D:6      | Found a radiant altar of Vehumet.
  3738 | D:7      | Reached skill level 5 in Fighting
  3738 | D:7      | Reached XP level 7. HP: 33/39 MP: 8/8
  3776 | D:7      | Found a burning altar of Makhleb.
  3812 | D:7      | Found a shimmering altar of Xom.
  3954 | D:6      | Noticed Edmund
  3963 | D:6      | Killed Edmund
  3964 | D:6      | Reached skill level 7 in Dodging
  3999 | D:7      | Noticed a steam dragon
  4224 | D:6      | Found a broken altar of Ashenzari.
  4597 | D:6      | Reached XP level 8. HP: 44/44 MP: 9/9
  4652 | D:6      | Noticed Skimidon's ghost (novice DsMo)
  4658 | D:6      | Found a transporter.
  4660 | D:6      | Found a transporter.
  4715 | D:6      | Noticed a hornet
  4788 | D:6      | Reached skill level 1 in Stealth
  5014 | D:6      | Found a sparkling altar of Nemelex Xobeh.
  5202 | D:6      | Reached skill level 8 in Dodging
  5854 | D:5      | Noticed Sigmund
  6300 | D:5      | Noticed Grinder
  6317 | D:5      | Killed Grinder
  6318 | D:5      | Reached XP level 9. HP: 49/49 MP: 10/10
  6430 | D:5      | Reached skill level 9 in Dodging
  6779 | D:4      | You are sucked into a shaft and drop 1 floor!
  7064 | D:7      | Reached skill level 5 in Stealth
  7103 | D:7      | Found a sacrificial altar of Ru.
  7283 | D:7      | Found a runed translucent door.
  7284 | D:7      | Noticed Crazy Yiuf
  7432 | D:7      | Found a runed translucent gate.
  7433 | D:7      | Found a runed translucent gate.
  7434 | D:7      | Found a runed translucent gate.
  7434 | D:7      | Noticed a kobold demonologist
  7434 | D:7      | Noticed Noisytoot's ghost (novice DsCj)
  8251 | D:8      | Noticed Joseph
  8307 | D:8      | Killed Joseph
  8659 | D:8      | Found a basalt altar of Yredelemnul.
  8717 | D:8      | Noticed a two-headed ogre
  8731 | D:8      | Killed a two-headed ogre
  8773 | D:8      | Reached skill level 10 in Dodging
  8773 | D:8      | Reached XP level 10. HP: 52/56 MP: 9/11
  9022 | D:9      | Noticed Harold
  9025 | D:9      | Killed Harold
  9026 | D:9      | Reached skill level 5 in Shapeshifting
  9120 | D:9      | Found an opulent altar of Gozag.
  9128 | D:9      | Found a blossoming altar of Fedhas.
  9164 | D:9      | HP: 1/56 [poisoned by a kobold]
  9166 | D:9      | Succumbed to a kobold's poison
  9166 | D:9      | Lost a life (1 life remaining)
  9351 | D:10     | Entered Level 10 of the Dungeon
  9778 | D:10     | Found a glowing silver altar of Zin.
  9779 | D:10     | Found a white marble altar of Elyvilon.
  9779 | D:10     | Found a glowing golden altar of the Shining One.
  9789 | D:10     | Noticed Josephine
  9854 | D:10     | Noticed a gargoyle
 10409 | D:9      | Became a worshipper of Gozag Ym Sagoz the Greedy
 10656 | D:9      | Noticed a rakshasa
 10673 | D:10     | Found a stormy altar of Qazlal.
 10702 | D:10     | Reached skill level 11 in Dodging
 11061 | D:10     | Found Nises's Weapon Emporium.
 11151 | D:10     | HP: 2/51 [poisoned by Josephine]
 11151 | D:10     | Noticed Psyche
 11152 | D:10     | Succumbed to Josephine's poison
 11152 | D:10     | Lost a life (0 lives remaining)
 11223 | D:9      | Slain by a yak (illusionary)

Illustrated notes

Levels and vault maps discovered:
D:1:      giann_bridges, layout_basic, serial_shops, nicolae_shop_trees,
          nicolae_shop_gaudy_bauble, nicolae_shop_gibbet_a_chance, shop
D:2:      layout_loops_ring, glass_columns_a, minmay_tromino_i4
D:3:      layout_loops_corners
D:4:      layout_layer_cave, tgw_sif, temple_doors_e, serial_shops,
          nicolae_stop_n_shop_2, uniq_duvessa
D:5:      layout_cave_pools, uniq_grinder, uniq_sigmund
D:6:      layout_cave_pools, nicolae_ashenzari_panopticon,
          nemelex_xobeh_ov_fountains_minmay, vehumet_altar_wand_db,
          gammafunk_ghost_hive, minivault_23, kennysheep_boxes, uniq_edmund
D:7:      layout_basic, lemuel_round_altar, old_standard_altar,
          mainiacjoe_overflow_tiny_flanked, gammafunk_ghost_nasty_kobolds,
          uniq_crazy_yiuf_cottage
D:8:      layout_rooms, yredelemnul_altar_generic, serial_curves,
          eino_curves_02, eino_curves_04, eino_curves_02, eino_curves_01,
          kennysheep_minor_cross, lemuel_flame_loot_1, uniq_joseph
D:9:      kennysheep_big_flooded_room, layout_cave_pools,
          mainiacjoe_overflow_catwalk_spiral, serial_gnoll_camp,
          gnoll_camp_huts_basic, gnoll_camp_mini_shop, gnoll_camp_mini_hut,
          grums_kennel, gnoll_camp_mini_hut, serial_park_tiny_2, uniq_harold
D:10:     layout_cave_pools, dreamdust_divine_triumvirate, lemuel_doored_altar,
          nicolae_twisting_strands, nicolae_stop_n_shop_1, uniq_psyche,
          uniq_josephine, uniq_amaemon
Temple:   hellmonk_temple_of_storms

Skill      XL: |  1  2  3  4  5  6  7  8  9 10 |
---------------+-------------------------------+-----
Dodging        | 5 6 7 8 10 11 | 11.2
Fighting       | 4 5 6 7 8 |  8.7
Unarmed Combat | 5 6 7 8 9 |  9.1
Shapeshifting  | 1 2 3 4 6 |  6.0
Stealth        | 4 6 7 |  7.2

Action                     |  1- 3 |  4- 6 |  7- 9 | 10-12 || total
---------------------------+-------+-------+-------+-------++-------
  Melee: Unarmed           |    96 |   150 |   346 |   155 ||   747
         Bite              |    13 |    14 |    50 |    23 ||   100
         Punch             |     2 |     9 |    22 |    10 ||    43
  Evoke: Wand              |       |       |     8 |    16 ||    24
    Use: Potion            |     1 |     2 |    16 |     4 ||    23
         Scroll            |     4 |     2 |     5 |     7 ||    18
   Stab: Sleeping          |     2 |     2 |     3 |     3 ||    10
         Distracted        |       |       |       |     2 ||     2
 Armour: Skin              |    22 |    34 |   167 |    63 ||   286
  Dodge: Dodged            |    97 |   135 |   321 |   264 ||   817
